Map: [ESL] Hard Lead

Players

SKillous

  • Race: Protoss Protoss
  • Spawn Location: 5:00

Lambo - Winner!

  • Race: Zerg Zerg
  • Spawn Location: 11:00

Event: ESL SC2 Masters 2023 Winter (Finals)

VOD

Have the link to the VOD?

Description

Time

  • Played on: Dec. 15, 2023, 12:01 p.m.
  • Length: 6:54

All games in this series

Show
View Real Time Build Order
Export as new Build Order

SKillous Protoss 

Build Orders: 1 Gate Expand, Oracle Opening 

Get SALT Encoding   

  12  0:00  Probe  
  13  0:13  Pylon  
  13  0:17  Probe (Chrono Boost)  
  14  0:26  Probe (Chrono Boost)  
  15  0:31  Probe (Chrono Boost)  
  16  0:40  Gateway  
  16  0:43  Probe  
  16  0:49  Assimilator  
  17  0:55  Probe  
  18  1:07  Probe  
  19  1:20  Probe  
  20  1:26  Nexus  
  20  1:35  Cybernetics Core  
  20  1:38  Probe  
  21  1:45  Assimilator  
  21  1:50  Probe  
  22  1:54  Pylon  
  22  2:02  Probe  
  23  2:09  Adept (Chrono Boost)  
  23  2:14  Probe  
  26  2:18  Stargate  
  26  2:26  Probe  
  26  2:28  Warp Gate  
  27  2:32  Adept  
  29  2:38  Probe (Chrono Boost)  
  31  2:45  Probe (Chrono Boost)  
  31  2:48  Probe (Chrono Boost)  
  32  2:52  Probe (Chrono Boost)  
  32  2:53  Probe (Chrono Boost)  
  34  2:58  Oracle (Chrono Boost)  
  34  3:03  Probe  
  34  3:04  Zealot  
  34  3:05  Probe  
  41  3:10  Pylon  
  41  3:15  Probe  
  41  3:17  Probe  
  43  3:21  Gateway  
  43  3:27  Oracle (Chrono Boost)  
  43  3:29  Probe  
  43  3:30  Probe  
  48  3:40  Pylon  
  48  3:41  Probe  
  48  3:42  Probe  
  50  3:52  Nexus  
  50  3:54  Probe  
  51  3:57  Probe  
  51  3:58  Oracle (Chrono Boost)  
  55  4:06  Probe  
  55  4:09  Assimilator  
  56  4:10  Probe  
  56  4:11  Assimilator  
  56  4:14  Pylon  
  57  4:18  Probe  
  58  4:24  Adept x2  
  62  4:33  Probe (Chrono Boost)  
  62  4:34  Probe (Chrono Boost)  
  62  4:37  Twilight Council, Forge  
  64  4:45  Probe (Chrono Boost)  
  63  4:50  Probe (Chrono Boost)  
  63  4:52  Probe (Chrono Boost)  
  64  4:57  Probe  
  64  4:58  Gateway x2  
  64  4:59  Probe  
  65  5:00  Stalker  
  65  5:01  Stalker  
  65  5:04  Probe  
  71  5:09  Shield Battery, Probe  
  71  5:11  Probe  
  73  5:23  Probe x2 (Chrono Boost)  
  75  5:30  Probe (Chrono Boost)  
  75  5:32  Gateway  
  75  5:34  Gateway  
  78  5:35  Probe x2 (Chrono Boost)  
  78  5:36  Templar Archives  
  78  5:40  Pylon  
  78  5:41  Probe x2 (Chrono Boost)  
  81  5:47  Stalker x2  
  84  5:52  Shield Battery x2  
  84  5:56  Photon Cannon  
  82  5:58  Shield Battery  
  82  5:59  Pylon  
  82  6:02  Shield Battery  
  76  6:08  Stalker x2  
  78  6:14  Stalker x2  
  79  6:22  Gateway  
  79  6:23  Pylon  
  76  6:40  Stalker x5  
  76  6:42  Probe  
  76  6:46  Pylon  
Show
View Real Time Build Order
Export as new Build Order

Lambo Zerg - Winner!

Build Orders: Hatch First 

Get SALT Encoding   

  12  0:00  Drone  
  13  0:12  Overlord  
  13  0:18  Drone  
  14  0:31  Drone x2  
  17  0:35  Drone  
  17  0:52  Hatchery  
  17  0:54  Drone  
  17  0:57  Drone  
  18  1:08  Extractor  
  17  1:12  Spawning Pool  
  17  1:16  Drone  
  17  1:19  Drone  
  18  1:28  Drone  
  19  1:38  Drone  
  20  1:50  Overlord  
  20  1:59  Queen  
  22  2:03  Queen  
  22  2:04  Zergling x2, Drone  
  26  2:10  Metabolic Boost  
  26  2:11  Zergling x2  
  26  2:15  Drone  
  28  2:21  Drone  
  29  2:26  Drone  
  30  2:32  Drone  
  30  2:37  Hatchery  
  30  2:40  Drone  
  31  2:47  Drone  
  31  2:50  Overlord  
  32  2:56  Zergling x2  
  34  2:58  Drone  
  34  3:01  Queen  
  34  3:04  Overlord  
  36  3:08  Drone  
  36  3:10  Queen  
  39  3:14  Drone x2  
  39  3:15  Drone  
  39  3:17  Zergling x2  
  43  3:22  Zergling x2  
  45  3:27  Drone x3  
  47  3:34  Drone  
  48  3:43  Drone  
  48  3:46  Drone x5  
  51  3:49  Drone x2  
  51  3:50  Drone  
  51  3:51  Spore Crawler  
  51  3:54  Queen  
  55  4:00  Queen  
  57  4:05  Zergling x2  
  57  4:06  Overlord  
  57  4:09  Spore Crawler  
  57  4:12  Drone  
  58  4:21  Overlord  
  58  4:24  Overlord  
  58  4:25  Overlord  
  58  4:26  Drone x5  
  63  4:32  Roach Warren  
  63  4:35  Drone x3  
  63  4:36  Drone  
  66  4:42  Extractor x2  
  66  4:43  Extractor, Lair  
  66  4:45  Drone  
  64  4:47  Drone x2  
  64  4:52  Drone x3  
  69  4:56  Spore Crawler  
  69  4:58  Overlord  
  69  4:59  Zergling x4  
  69  5:01  Overlord  
  69  5:06  Overlord  
  69  5:13  Roach x5  
  79  5:16  Overlord  
  79  5:18  Overlord  
  79  5:21  Roach  
  79  5:28  Roach x3  
  87  5:30  Zergling x2  
  87  5:31  Zergling x4  
  87  5:33  Zergling x2  
  87  5:35  Ravager x2  
  93  5:36  Zergling x4  
  93  5:38  Zergling x2  
  93  5:41  Zergling x4  
  98  5:44  Zergling x6  
  101  5:52  Zergling x8  
  101  5:55  Zergling x4  
  105  5:58  Ravager x3  
  105  6:02  Zergling x4  
  109  6:07  Zergling x8  
  111  6:13  Zergling x2  
  111  6:14  Zergling x2  
  111  6:17  Zergling x2, Ravager  
  113  6:23  Zergling x8  
  112  6:28  Zergling x4  
  112  6:29  Ravager x3  
  112  6:31  Zergling x2  
  113  6:35  Zergling x2  
Tags
 
Add a new tag
Caveats
  • Supply blocks, unpowered buildings, or Contaminate may cause inaccurate times.
  • Supply counts are checked every 10 seconds.